 Dungeon Crawl Stone Soup version 0.32-a0-471-gb91d5d9764 (webtiles) character file.

Game seed: 2480929848122296466

218214 Dirtsage the Brawler (level 18, -6/191 HPs)
             Began as a Demonspawn Shapeshifter on Feb 25, 2024.
             Was the Champion of Makhleb.
             Hit by a javelin thrown by a merfolk javelineer (17 damage)
             ... on level 4 of the Shoals.
             The game lasted 01:27:27 (30449 turns).

Dirtsage the Brawler (Demonspawn Shapeshifter)     Turns: 30449, Time: 01:27:27

Health: -6/191     AC: 29    Str: 15    XL:     18   Next: 41%
Magic:  0/28       EV: 14    Int:  5    God:    Makhleb [******]
Gold:   1508       SH: 18    Dex: 22    Spells: 17/17 levels left

rFire   + +          +
                       - Unarmed
rCold   + + .        I - +4 kite shield {reflect}
rNeg    + . .        E - melded quicksilver dragon scales
rPois   ∞            x - +1 helmet of Foiqepp {+Blink rC+ rCorr}
rElec   +            P - scarf {rC+ rF+}
rCorr   +            (gloves currently unavailable)
SInv    .            J - melded +0 pair of boots of the Pirate {rElec rPois}
Will    ++...        k - amulet of regeneration
Stlth   ++           G - ring "Geasset" {Fly Will+ rCorr Str-5}
HPRegen 1.31/turn    F - ring "Qoevolynyx" {^Drain rF+++ rCorr Int-5 Dex+6}
MPRegen 0.42/turn

%: reflection, guardian spirit
@: about to teleport, statue-form, flying, studying Ice Magic, very slow
A: slow and powerful, torment resistance 1, boosted hp, hooves 2, demonic
guardian 3, magic shield, magic regeneration, sharp scales 2
}: 1/15 runes: serpentine
a: Begin Untransformation, Renounce Religion, Evoke Blink, Minor Destruction,
Lesser Servant of Makhleb, Major Destruction, Greater Servant of Makhleb


You were on level 4 of the Shoals.
You worshipped Makhleb.
Makhleb was exalted by your worship.
You were a living statue of rough stone.
You visited 6 branches of the dungeon, and saw 31 of its levels.
You also visited: Ossuary, Gauntlet and Ice Cave.

You collected 3363 gold pieces.
You spent 1855 gold pieces at shops.

Inventory:

Missiles
 Q - 7 curare-tipped darts (quivered)
 Y - a throwing net
Armour
 x - the +1 helmet of Foiqepp (worn) {+Blink rC+ rCorr}
   (You found it in a Gauntlet)

   rC+:       It protects you from cold.
   +Blink:    It lets you blink.
   rCorr:     It protects you from acid and corrosion.
 E - quicksilver dragon scales (melded)
 I - a +4 kite shield of reflection (worn)
 J - the +0 pair of boots of the Pirate (melded) {rElec rPois}
   (You found it in a Gauntlet)

   rElec:     It insulates you from electricity.
   rPois:     It protects you from poison
 P - a scarf of resistance (worn)
 T - a +0 tower shield of reflection
Jewellery
 e - the ring "Goosif" {rC+ rN+ Dex+2 Slay-3}
   (You found it on level 5 of the Lair of Beasts)

   [ring of positive energy]

   Dex+2:     It affects your dexterity (+2).
   Slay-3:    It affects your accuracy & damage with ranged weapons and melee
   (-3).
   rC+:       It protects you from cold.
   rN+:       It protects you from negative energy.
 k - an amulet of regeneration (around neck)
 C - the ring "Reoshrea" {rC+ Will+ Int+3}
   (You took it off a minotaur in a Gauntlet)

   [ring of willpower]

   Int+3:     It affects your intelligence (+3).
   rC+:       It protects you from cold.
   Will+:     It increases your willpower.
 F - the ring "Qoevolynyx" (right fist) {^Drain rF+++ rCorr Int-5 Dex+6}
   (You bought it in a shop on level 2 of the Orcish Mines)

   [ring of dexterity]

   Int-5:     It affects your intelligence (-5).
   Dex+6:     It affects your dexterity (+6).
   rF+++:     It renders you almost immune to fire.
   rCorr:     It protects you from acid and corrosion.
   ^Drain:    It drains your maximum health when unequipped.
 G - the ring "Geasset" (left fist) {Fly Will+ rCorr Str-5}
   (You found it on level 6 of the Dungeon)

   [ring of flight]

   Str-5:     It affects your strength (-5).
   Will+:     It increases your willpower.
   Fly:       It grants you flight.
   rCorr:     It protects you from acid and corrosion.
 K - a ring of flight
 S - a ring of see invisible
 X - the macabre finger necklace {Finger+ rN+}
   (You found it on level 12 of the Dungeon)

   [amulet of nothing]

   Finger+:   It enables you to equip an extra ring.
   rN+:       It protects you from negative energy.
Talismans
 f - a granite talisman (active)
Wands
 a - a wand of flame (60)
 y - a wand of light (13)
 D - a wand of digging (6)
Scrolls
 g - 3 scrolls of fear
 i - 17 scrolls of identify
 j - 5 scrolls of amnesia
 m - a scroll of torment
 n - 8 scrolls of poison
 p - 2 scrolls of revelation
 r - 6 scrolls of immolation
 t - 7 scrolls of teleportation
 v - 6 scrolls of summoning
 w - 5 scrolls of enchant armour
 B - 2 scrolls of blinking
 N - 5 scrolls of noise
 V - 2 scrolls of fog
 W - 3 scrolls of silence
Potions
 b - 5 potions of lignification
 c - 2 potions of invisibility
 d - 2 potions of might
 h - 2 potions of haste
 l - 4 potions of heal wounds
 o - a potion of berserk rage
 q - 13 potions of curing
 s - 2 potions of ambrosia
 u - 2 potions of cancellation
 z - 3 potions of mutation
 H - 4 potions of attraction
 L - 2 potions of enlightenment
 M - a potion of brilliance
 O - 2 potions of magic
Miscellaneous
 A - a phantom mirror
 R - a sack of spiders
 U - a phial of floods
 Z - a condenser vane


   Skills:
 + Level 14.3 Fighting
 - Level 4.9 Dodging
 + Level 12.0 Shields
 + Level 16.3 Unarmed Combat
 + Level 13.5 Invocations
 + Level 7.1 Evocations
 - Level 16.0 Shapeshifting


You had 17 spell levels left.
You didn't know any spells.
Your spell library contained the following spells:

 Spells                   Type           Power      Damage    Failure   Level
 Static Discharge         Conj/Air       0%         3-3/arc   86%         2
 Frozen Ramparts          Ice            0%         1d1       97%         3
 Fugue of the Fallen      Necr           0%         N/A       97%         3
 Inner Flame              Hex/Fire       0%         N/A       97%         3
 Ozocubu's Armour         Ice            0%         N/A       97%         3
 Airstrike                Air            0%         2d(0-16)  100%        4
 Anguish                  Hex/Necr       0%         N/A       100%        4
 Cause Fear               Hex            0%         N/A       100%        4
 Flame Wave               Conj/Fire      0%         2d4       100%        4
 Leda's Liquefaction      Alch/Erth      0%         N/A       100%        4
 Manifold Assault         Tloc           0%         N/A       100%        4
 Olgreb's Toxic Radiance  Alch           0%         N/A       100%        4
 Passage of Golubria      Tloc           0%         N/A       100%        4
 Petrify                  Alch/Erth      0%         N/A       100%        4
 Sticky Flame             Fire/Alch      0%         2d4       100%        4
 Summon Lightning Spire   Summ/Air       0%         N/A       100%        4
 Metabolic Englaciation   Hex/Ice        0%         N/A       100%        5
 Conjure Ball Lightning   Conj/Air       0%         3x3d6     100%        6
 Enfeeble                 Hex            0%         N/A       100%        7
 Ozocubu's Refrigeration  Ice            0%         4d7       100%        7
 Discord                  Hex            0%         N/A       100%        8


Dungeon Overview and Level Annotations

Branches:
Dungeon (15/15)            Temple (1/1) D:4            Lair (5/5) D:9
 Shoals (4/4) Lair:2        Snake (4/4) Lair:3        Slime (0/5) Lair:5
    Orc (2/2) D:10            Elf (0/3) Orc:2        Vaults (0/5) D:13
 Depths (0/4) D:15        Ossuary (visited)           IceCv (visited)
Gauntlet (visited)

Altars:
Ashenzari
Cheibriados
Dithmenos
Fedhas
Gozag
Hepliaklqana
Kikubaaqudgha
Makhleb
Nemelex Xobeh
Okawaru
Qazlal
Ru
Sif Muna
Trog
Uskayaw
Vehumet
Wu Jian
Xom
Yredelemnul
Beogh
Jiyva
Lugonu

Shops:
D:1 (   D:4 (   Orc:2 ?[===   Snake:2 *   Snake:4 :*

Portals:
Abyss: Lair:2 Lair:5
Trove: D:13 (give 12 potions of heal wounds)

Annotations:
D:2 1 runed translucent door, Crazy Yiuf
D:5 2 transporters, Goblin1989's ghost, weakling DsDe
D:8 1 runed translucent door, t4s4d4r's ghost, novice CoFi
D:15 3 runed translucent doors, Angani's ghost, adept DrAl
Lair:2 2 transporters, Xoff's ghost, adept DjCj
Shoals:4 2 transporters, Torious's ghost, adept DECj
Snake:1 3 runed translucent doors, Emari's ghost, adept TrBe; Mll's ghost, journeyman MiFi; Odausch's ghost, adept DsNe; starts1789's ghost, adept MiHu


Innate Abilities, Weirdness & Mutations

You are a living statue of rough stone.
Your actions are slow, but your melee attacks are powerful.
You are resistant to unholy torment.
Your maximum health is greatly increased.
Your equipment is partially melded.
You are immune to poison.
You have hoof-like feet.
A powerful demonic guardian rushes to your aid.
When hurt, damage is shared between your health and your magic reserves.
You regenerate magic rapidly.
(You are mostly covered in razor-sharp scales. (AC +2, Slay +2))


Message History

The merfolk aquamancer is almost dead.
The merfolk aquamancer gestures at you while chanting.
The shard of ice hits you.
* * * LOW HITPOINT WARNING * * *
You block the merfolk impaler's attack. x2
The merfolk javelineer hits you from afar with a +2 spear of venom.
* * * LOW HITPOINT WARNING * * *
You block the merfolk impaler's attack.
The merfolk impaler hits you from afar with a +2 demon trident of flaming!
* * * LOW HITPOINT WARNING * * *
A demonic guardian appears!
You take 16 damage, and have 29/191 hp.
You now have 5/28 mp.
You punch the merfolk aquamancer!
You kill the merfolk aquamancer!
Makhleb accepts your kill.
You hear a splash. x2
You block the merfolk impaler's attack. x2
The water nymph points at you and mumbles some strange words.
The water rises up and strikes you.
* * * LOW HITPOINT WARNING * * *
The merfolk javelineer throws a javelin.
The javelin pierces through you.
* * * LOW HITPOINT WARNING * * *
You block the merfolk impaler's attack.
The merfolk impaler hits you but does no damage.
You take 4 damage, and have 25/191 hp.
As you read the scroll of teleportation, it crumbles to dust.
You feel strangely unstable. The water nymph casts a spell at you.
The water rises up and strikes you!!
* * * LOW HITPOINT WARNING * * *
The merfolk impaler hits you but does no damage.
The merfolk impaler completely misses you.
The merfolk javelineer throws a javelin.
The javelin barely misses you.
The javelin closely misses your lorocyproca.
You block the merfolk impaler's attack. x2
The merfolk javelineer throws a javelin.
The javelin pierces through you!!
You die...

.########.#####...~≈≈≈≈≈≈≈≈≈≈#
## ####.........~~≈≈≈≈≈≈≈≈≈#
.# ##.............~~≈≈≈≈≈≈≈≈#
.# ##..............~~≈≈≈≈≈≈≈≈#
## #...............~~~≈≈≈≈≈≈≈#
# ##...~~..........~~~≈≈≈≈≈≈≈#
# #....~...............~~≈≈≈≈#
###...~~..~.~..)~~~......~≈≈≈#
....~~~~~~~~~..2I)~......~≈≈≈#
~~~~~~.~..~~~~##)##......~≈≈≈#
~~~~~~~......##mmm##...~~~≈≈≈#
~~~~~~~......#~Etmm#...~~~≈≈≈#
≈≈≈≈≈≈~~.....#~~φ~~#..~~~≈≈≈≈#
≈≈≈≈≈≈~~~~~~~#~~...#...~~≈≈≈≈#
≈≈≈≈≈≈~~~~~~~##~~.##~~~~≈≈≈≈≈#
≈≈≈≈≈≈~~~~~≈≈~#####~~~~≈≈≈≈≈≈#
≈≈≈≈≈≈≈≈≈≈≈≈≈~~~~~~~~~~≈≈≈≈≈≈#


You could see 3 merfolk impalers, a merfolk javelineer, a snapping turtle, a
water elemental, a water nymph and a friendly lorocyproca (summoned, invisible).

Vanquished Creatures
  Saint Roka (Orc:2)
  Mlioglotl (Snake:2)
  Frances (D:13)
  A kraken (Shoals:1)
  Polyphemus (Shoals:3)
  Agnes (Snake:2)
  4 nagarajas
  The ghost of Agetab the Devastator, an adept DECj of Sif Muna (Shoals:1)
  Roxanne (Snake:2)
  Aizul (Snake:4)
  A formless jellyfish (Shoals:4)
  2 reapers (IceCv)
  A minotaur (Gauntlet)
  A merfolk javelineer (Shoals:4)
  Azrael (Orc:1)
  A fire dragon (D:12)
  5 merfolk impalers
  A hydra (Lair:2)
  4 caustic shrike simulacra (IceCv)
  A catoblepas (Shoals:3)
  4 centaur warriors
  A great orb of eyes (D:15)
  2 salamander tyrants
  A vault guard (D:13)
  Erica (Orc:1)
  6 boulder beetles
  8 anacondas
  The ghost of Evigehu the Martial Artist, a journeyman OpSh of Gozag (D:12)
  2 satyrs
  A dancing weapon (D:13)
  2 death yaks (Shoals:3)
  3 two-headed ogres
  13 naga warriors
  An alligator snapping turtle (Shoals:4)
  A tengu warrior (D:9)
  10 merfolk aquamancers
  3 thrashing horrors (Lair:5)
  An orc high priest (Orc:2)
  5 shock serpents
  8 naga sharpshooters
  Sonja (D:13)
  4 skeletal warriors (D:12)
  5 skysharks
  A large abomination (Lair:5)
  10 sea snakes
  3 salamander mystics
  Lodul (D:11)
  3 naga ritualists
  8 mana vipers
  13 harpies
  A lindwurm (Lair:5)
  3 bog bodies (IceCv)
  4 deep elf pyromancers
  A necromancer (Gauntlet)
  3 orc knights
  2 obsidian statues (IceCv)
  A deep elf zephyrmancer (Orc:2)
  4 cyclopes
  4 orc sorcerers (Orc:2)
  20 ugly things
  A wolf spider (shapeshifter) (D:15)
  14 manticores
  10 fauns
  19 salamanders
  6 guardian serpents
  9 merfolk sirens
  3 meliai (D:14)
  31 black mambas
  2 kobold blastminers (Orc:1)
  3 gargoyles
  6 water nymphs
  3 torpor snails (Lair:3)
  13 naga magi
  8 cane toads
  4 kobold demonologists
  A smoke demon (Lair:5)
  7 komodo dragons
  Jeremiah (D:7)
  2 unseen horrors
  3 rime drakes
  An efreet (D:13)
  3 freezing wraiths (IceCv)
  Psyche (D:11)
  A troll (shapeshifter) (Lair:5)
  A golden dragon simulacrum (IceCv)
  9 trolls
  A polar bear (Lair:3)
  15 merfolk
  9 wind drakes
  15 dream sheep
  35 blink frogs
  2 raiju (Lair:5)
  7 snapping turtles
  Sigmund (D:2)
  8 slime creatures
  A spriggan (shapeshifter) (Lair:5)
  2 ynoxinuls (Lair:5)
  12 water elementals
  3 shadows
  9 wyverns
  A wraith (D:11)
  34 yaks
  The ghost of SlaveLabor the Cudgeller, an amateur MDFi (D:3)
  7 basilisks
  A vampire (D:13)
  6 fire elementals (Orc:1)
  A steam dragon (D:10)
  3 wargs
  3 vampire mosquitoes (D:13)
  A warg (shapeshifter) (D:14)
  A chaos spawn (Lair:5)
  A minotaur simulacrum (IceCv)
  3 acid dragons
  26 nagas
  3 hydra simulacra (IceCv)
  2 hell hounds (Orc:1)
  15 water moccasins
  26 orc warriors
  4 ettin simulacra (IceCv)
  3 ice beasts
  2 laughing skulls (D:14)
  3 black bears
  9 wolves
  5 centaurs
  12 ogres
  4 kobold brigands
  9 bullfrogs
  2 elf zombies (Ossuary)
  3 scorpions
  6 small abominations (Lair:5)
  A deep troll simulacrum (IceCv)
  21 wights
  A lindwurm simulacrum (IceCv)
  6 killer bees (D:11)
  3 electric eels (D:13)
  A bombardier beetle (D:5)
  3 howler monkeys
  3 hounds
  3 human zombies (Ossuary)
  A centaur zombie (Ossuary)
  26 orc priests
  4 jellies
  2 gnoll boudas
  6 iguanas
  47 orc wizards
  4 hell rats (Lair:1)
  A hound zombie (Ossuary)
  2 mummies (Ossuary)
  10 gnolls
  4 adders
  A shadow imp (D:6)
  2 white imps
  4 adder zombies (Ossuary)
  2 dart slugs
  3 ribbon worms (D:2)
  67 orcs
  8 ball pythons
  7 bats
  5 endoplasms
  3 giant cockroaches
  6 gnoll zombies (Ossuary)
  5 goblins
  8 hobgoblins
  6 jackals
  12 kobolds
  4 quokkas
  7 frilled lizards
  A goblin zombie (D:7)
  7 jackal zombies (Ossuary)
  5 kobold zombies (Ossuary)
  8 orc zombies (Ossuary)
  6 rats
  A butterfly (Lair:4)
  A tentacle (Shoals:1)
1004 creatures vanquished.

Vanquished Creatures (collateral kills)
  A nagaraja (Snake:4)
  A merfolk javelineer (Shoals:4)
  A hydra (Lair:5)
  A merfolk avatar (Shoals:4)
  A merfolk aquamancer (Shoals:2)
  A naga sharpshooter (Snake:4)
  An orc high priest (Orc:2)
  A shock serpent (Snake:3)
  A skyshark (Lair:4)
  A mana viper (Snake:3)
  A naga ritualist (Snake:4)
  A harpy (Shoals:2)
  2 deep elf pyromancers (Orc:2)
  3 deep elf zephyrmancers (Orc:2)
  A salamander (Snake:1)
  7 fauns
  An orc sorcerer (Orc:2)
  2 manticores (Shoals:4)
  A cyclops (D:9)
  An elephant (Gauntlet)
  Joseph (D:8)
  A black mamba (Snake:2)
  A naga mage (Snake:2)
  A guardian serpent (Snake:2)
  A black mamba (shapeshifter) (Lair:5)
  A freezing wraith (IceCv)
  A troll (D:10)
  2 merfolk (Shoals:4)
  4 blink frogs
  2 snapping turtles
  2 ynoxinuls (Lair:5)
  A shadow (Gauntlet)
  3 yaks
  2 basilisks (Lair:5)
  3 nagas (Snake:2)
  2 small abominations (Lair:5)
  An ice beast (D:7)
  A wolf (Gauntlet)
  A bullfrog (Lair:1)
  2 bombardier beetles
  2 orc priests
  Ijyb (D:3)
  Terence (D:3)
  4 orc wizards
  3 orcs
  A bat (D:1)
  A goblin (D:2)
  A jackal (D:4)
  2 kobolds (D:2)
  3 tentacles (Shoals:1)
82 creatures vanquished.

Vanquished Creatures (others)
  A rakshasa (D:15)
  A deep elf zephyrmancer (Orc:2)
  2 slime creatures
  2 nagas (Snake:4)
  2 electric eels (D:13)
  2 orc wizards
  16 tentacles (Shoals:1)
26 creatures vanquished.

Grand Total: 1112 creatures vanquished

Notes
Turn   | Place    | Note
-------+----------+-------------------------------------------
     0 | D:1      | Dirtsage the Demonspawn Shapeshifter began the quest for
                  | the Orb.
     0 | D:1      | Reached XP level 1. HP: 15/15 MP: 1/1
   108 | D:1      | Gained mutation: A weak demonic guardian rushes to your
                  | aid. [demonic ancestry]
   108 | D:1      | Reached XP level 2. HP: 19/21 MP: 2/2
   626 | D:1      | Found Qabomege's Weapon Emporium.
   675 | D:1      | Gained mutation: A demonic guardian rushes to your aid.
                  | [demonic ancestry]
   675 | D:1      | Reached XP level 3. HP: 25/26 MP: 3/3
   934 | D:2      | Noticed Sigmund
   974 | D:2      | Killed Sigmund
   975 | D:2      | Reached XP level 4. HP: 34/34 MP: 4/4
   975 | D:2      | Reached XP level 5. HP: 39/39 MP: 5/5
  1465 | D:2      | Found a runed translucent door.
  1466 | D:2      | Noticed Crazy Yiuf
  1901 | D:3      | Got the Secrets of Feathers and Wanderlust
  1910 | D:3      | Noticed Terence
  1917 | D:3      | Killed Terence
  1942 | D:3      | Gained mutation: You regenerate magic rapidly. [demonic
                  | ancestry]
  1942 | D:3      | Reached XP level 6. HP: 42/46 MP: 6/6
  2211 | D:3      | Noticed Ijyb
  2244 | D:3      | Killed Ijyb
  2424 | D:3      | Found a runed translucent door.
  2437 | D:3      | Noticed SlaveLabor's ghost (amateur MDFi)
  2516 | D:3      | Killed SlaveLabor's ghost
  2588 | D:4      | Found a staircase to the Ecumenical Temple.
  2601 | Temple   | Entered the Ecumenical Temple
  2623 | Temple   | Became a worshipper of Makhleb the Destroyer
  2665 | D:4      | Found Seex's Weapon Shoppe.
  2679 | D:4      | Gained mutation: You are partially covered in razor-sharp
                  | scales. (AC +1, Slay +1) [demonic ancestry]
  2679 | D:4      | Reached XP level 7. HP: 51/52 MP: 7/7
  2905 | D:4      | Found a sacrificial altar of Ru.
  3112 | D:4      | Reached skill level 5 in Unarmed Combat
  3517 | D:5      | Entered Level 5 of the Dungeon
  3551 | D:5      | Noticed Goblin1989's ghost (weakling DsDe)
  3570 | D:5      | Found a transporter.
  3694 | D:5      | Identified the +8 trident "Savet" {drain, +Blink}
  3941 | D:5      | Reached XP level 8. HP: 53/61 MP: 8/8
  4349 | D:5      | Found a transporter.
  4669 | D:6      | Identified the ring "Geasset" {Fly Will+ rCorr Str-5}
  4797 | D:6      | Reached * piety under Makhleb
  4798 | D:6      | Reached skill level 5 in Fighting
  4854 | D:6      | Found an ancient bone altar of Kikubaaqudgha.
  5033 | D:6      | Found a shimmering altar of Xom.
  5034 | D:6      | Found a hazy altar of Hepliaklqana.
  5034 | D:6      | Noticed a hell beast
  5356 | D:6      | Noticed a spectral ugly thing
  5357 | D:6      | Noticed a hell beast
  5357 | D:6      | Noticed a hell beast
  5815 | D:7      | Found a sand-covered staircase.
  5826 | Ossuary  | Entered an ossuary
  5887 | Ossuary  | Reached ** piety under Makhleb
  5983 | Ossuary  | Reached XP level 9. HP: 65/68 MP: 9/9
  6020 | Ossuary  | Reached skill level 5 in Shapeshifting
  6389 | D:7      | Noticed Jeremiah
  6399 | D:7      | Killed Jeremiah
  6979 | D:8      | Reached *** piety under Makhleb
  7367 | D:8      | Noticed Joseph
  7380 | D:8      | Killed Joseph
  7381 | D:8      | Gained mutation: When hurt, damage is shared between your
                  | health and your magic reserves. [demonic ancestry]
  7381 | D:8      | Reached XP level 10. HP: 6/77 MP: 10/10
  7457 | D:8      | Noticed a two-headed ogre
  7470 | D:8      | Killed a two-headed ogre
  7514 | D:8      | Found a runed translucent door.
  7515 | D:8      | Noticed t4s4d4r's ghost (novice CoFi)
  7945 | D:9      | Found a sparkling altar of Nemelex Xobeh.
  8176 | D:9      | Found a radiant altar of Vehumet.
  8237 | D:9      | Noticed a two-headed ogre
  8253 | D:9      | Killed a two-headed ogre
  8279 | D:9      | Found a staircase to the Lair.
  8309 | D:9      | Reached skill level 10 in Unarmed Combat
  8485 | D:9      | Noticed a cyclops
  8486 | D:9      | Noticed a deep elf pyromancer
  8505 | D:9      | Noticed a tengu warrior
  8520 | D:9      | Killed a tengu warrior
  8553 | D:9      | Killed a deep elf pyromancer
  8553 | D:9      | Reached **** piety under Makhleb
  8568 | D:9      | Gained mutation: You have large cloven feet. [demonic
                  | ancestry]
  8568 | D:9      | Reached XP level 11. HP: 58/85 MP: 11/11
  8929 | D:10     | Entered Level 10 of the Dungeon
  9519 | D:10     | Found a staircase to the Orcish Mines.
  9586 | D:10     | Reached skill level 1 in Invocations
  9699 | Lair:1   | Entered Level 1 of the Lair of Beasts
 10360 | Lair:1   | Reached ***** piety under Makhleb
 10929 | Lair:2   | Noticed a sixfirhy
 10934 | Lair:2   | Found a gate leading to a gauntlet.
 10937 | Lair:2   | Found a transporter.
 10947 | Lair:2   | Found a one-way gate to the infinite horrors of the Abyss.
 10947 | Lair:2   | Noticed Xoff's ghost (adept DjCj)
 10985 | Gauntlet | Entered a Gauntlet
 10985 | Gauntlet | Found a transporter.
 10985 | Gauntlet | Found a transporter.
 10989 | Gauntlet | Found a transporter.
 10989 | Gauntlet | Found a transporter.
 10994 | Gauntlet | Noticed a necromancer
 10999 | Gauntlet | Found a transporter.
 11009 | Gauntlet | Found a transporter.
 11009 | Gauntlet | Found a transporter.
 11016 | Gauntlet | Noticed a dire elephant
 11033 | Gauntlet | Found a transporter.
 11040 | Gauntlet | Found a transporter.
 11052 | Gauntlet | Found a transporter.
 11090 | Gauntlet | Found a transporter.
 11132 | Gauntlet | Found a transporter.
 11142 | Gauntlet | Noticed a blizzard demon
 11146 | Gauntlet | Found a transporter.
 11232 | Gauntlet | Found a transporter.
 11248 | Gauntlet | Found a transporter.
 11264 | Gauntlet | Found a transporter.
 11370 | Gauntlet | Killed a necromancer
 11438 | Gauntlet | Identified the +1 helmet of Foiqepp {+Blink rC+ rCorr}
 11439 | Gauntlet | Reached XP level 12. HP: 94/94 MP: 15/15
 11536 | Gauntlet | Identified the +10 dire flail of Surar {freeze, rElec rF++
                  | rCorr Int-5}
 11536 | Gauntlet | Identified the ring "Reoshrea" {rC+ Will+ Int+3}
 11536 | Gauntlet | Noticed a minotaur
 11548 | Gauntlet | HP: 4/95 [minotaur/the +10 dire flail of Surar {freeze,
                  | rElec rF++ rCorr Int-5} (12)]
 11566 | Gauntlet | Killed a minotaur
 11579 | Gauntlet | Identified the +0 ring mail of Atom {rElec rF++}
 11584 | Gauntlet | Identified the +0 pair of boots of the Pirate {rElec rPois}
 11705 | Lair:2   | Found a staircase to the Shoals.
 11826 | Lair:2   | Found a transporter.
 11965 | Lair:2   | Reached skill level 5 in Invocations
 11965 | Lair:2   | Reached skill level 10 in Shapeshifting
 12100 | Lair:2   | Reached skill level 1 in Shields
 12224 | Lair:2   | Noticed a five-headed hydra
 12231 | Lair:2   | Killed a five-headed hydra
 12723 | Lair:3   | Found a staircase to the Snake Pit.
 12831 | Lair:3   | Found a snail-covered altar of Cheibriados.
 13988 | Lair:3   | Gained mutation: A powerful demonic guardian rushes to your
                  | aid. [demonic ancestry]
 13988 | Lair:3   | Reached XP level 13. HP: 103/103 MP: 18/18
 14411 | Lair:4   | Reached skill level 10 in Fighting
 14826 | Lair:5   | Entered Level 5 of the Lair of Beasts
 15029 | Lair:5   | Identified the ring "Goosif" {rC+ rN+ Dex+2 Slay-3}
 15721 | Lair:5   | Found a viscous altar of Jiyva.
 15721 | Lair:5   | Found a staircase to the Slime Pits.
 16032 | Lair:5   | Reached ****** piety under Makhleb
 16351 | Lair:5   | Reached skill level 5 in Shields
 16403 | Lair:5   | Found a corrupted altar of Lugonu.
 16406 | Lair:5   | Reached XP level 14. HP: 108/111 MP: 20/20
 16840 | Orc:1    | Entered Level 1 of the Orcish Mines
 16949 | Orc:1    | Found a roughly hewn altar of Beogh.
 17137 | Orc:1    | Noticed Erica
 17149 | Orc:1    | Killed Erica
 17436 | Orc:2    | Entered Level 2 of the Orcish Mines
 17442 | Orc:2    | Noticed Azrael
 17838 | Orc:1    | Killed Azrael
 18313 | Orc:2    | Found Cuv Qidgh's Jewellery Boutique.
 18313 | Orc:2    | Found Kuaniy's Magic Scroll Shop.
 18342 | Orc:2    | Found Nuraonah's Armour Shop.
 18351 | Orc:2    | Found Taelups's Jewellery Boutique.
 18357 | Orc:2    | Bought a scroll of enchant armour for 127 gold pieces
 18357 | Orc:2    | Bought a scroll of identify for 34 gold pieces
 18357 | Orc:2    | Bought a scroll of identify for 34 gold pieces
 18357 | Orc:2    | Bought a scroll of noise for 17 gold pieces
 18357 | Orc:2    | Bought a scroll of identify for 34 gold pieces
 18445 | Orc:2    | Reached skill level 10 in Invocations
 18516 | Orc:2    | Found Haotuth's Jewellery Boutique.
 18525 | Orc:2    | Bought the ring "Qoevolynyx" {^Drain rF+++ rCorr Int-5
                  | Dex+6} for 945 gold pieces
 18687 | Orc:2    | Found a staircase to the Elven Halls.
 18782 | Orc:2    | Noticed Saint Roka
 18803 | Orc:2    | Killed Saint Roka
 18881 | Orc:2    | Bought a ring of flight for 227 gold pieces
 19102 | D:11     | Noticed Lodul
 19117 | D:11     | Killed Lodul
 19256 | D:11     | Noticed Psyche
 19304 | D:11     | Killed Psyche
 19562 | D:12     | Found the macabre finger necklace {Finger+ rN+}
 19562 | D:12     | Noticed Evigehu's ghost (journeyman OpSh)
 19564 | D:12     | Found a runed translucent gate.
 19564 | D:12     | Found a runed translucent gate.
 19564 | D:12     | Found a runed translucent gate.
 20050 | D:12     | Reached XP level 15. HP: 118/118 MP: 22/22
 20363 | D:12     | Killed Evigehu's ghost
 20453 | D:13     | Noticed Frances
 20711 | D:13     | Found a burning altar of Makhleb.
 20735 | D:13     | Found a gate to the Vaults.
 20778 | D:13     | Noticed Sonja
 20789 | D:13     | Killed Sonja
 20868 | D:13     | Killed Frances
 21074 | D:13     | Found a portal to a secret trove of treasure.
 21526 | D:14     | Identified the +8 war axe of Rotation {elec, Int+7 Dex+4
                  | Stlth-}
 21820 | D:15     | Entered Level 15 of the Dungeon
 22052 | D:15     | Reached skill level 15 in Shapeshifting
 22090 | D:15     | Found a viscous altar of Jiyva.
 22438 | D:15     | Found a staircase to the Depths.
 22495 | D:15     | Found a runed translucent gate.
 22496 | D:15     | Found a runed translucent gate.
 22496 | D:15     | Noticed Angani's ghost (adept DrAl)
 22497 | D:15     | Found a runed translucent gate.
 22716 | Snake:1  | Entered Level 1 of the Snake Pit
 22889 | Snake:1  | Found a runed translucent gate.
 22890 | Snake:1  | Found a runed translucent gate.
 22895 | Snake:1  | Found a runed translucent gate.
 23452 | Snake:1  | Noticed Mll's ghost (journeyman MiFi)
 23452 | Snake:1  | Noticed Emari's ghost (adept TrBe)
 23452 | Snake:1  | Noticed starts1789's ghost (adept MiHu)
 23452 | Snake:1  | Noticed Odausch's ghost (adept DsNe)
 23627 | Snake:2  | Found Caut's Assorted Antiques.
 23631 | Snake:2  | Bought a scroll of summoning for 332 gold pieces
 23631 | Snake:2  | Bought a scroll of teleportation for 105 gold pieces
 23645 | Snake:2  | Gained mutation: You have hoof-like feet. [demonic
                  | ancestry]
 23645 | Snake:2  | Reached XP level 16. HP: 126/126 MP: 23/23
 23660 | Snake:2  | Found a glacial archway.
 23669 | IceCv    | Entered an ice cave
 24021 | IceCv    | Identified the ring "Ydesk" {Ice Dex+2 Stlth+}
 24170 | Snake:2  | Noticed Roxanne
 24182 | Snake:2  | Killed Roxanne
 24458 | Snake:2  | Noticed Agnes
 24458 | Snake:2  | Noticed Mlioglotl
 24465 | Snake:2  | Paralysed by accursed screaming for 1 turns
 24466 | Snake:2  | Killed Mlioglotl
 24471 | Snake:2  | Killed Agnes
 24990 | Snake:3  | Reached skill level 10 in Shields
 25112 | Snake:3  | Reached skill level 15 in Unarmed Combat
 25275 | Snake:3  | Reached skill level 1 in Evocations
 25526 | Snake:4  | Entered Level 4 of the Snake Pit
 25760 | Snake:4  | Reached XP level 17. HP: 135/135 MP: 22/25
 26192 | Snake:4  | Found an iron altar of Okawaru.
 26206 | Snake:4  | Got a serpentine rune of Zot
 26260 | Snake:4  | Found Lojikkobyi's Book Emporium.
 26335 | Snake:4  | Identified the serpent talisman "Boukaim" {Fly MP+9 Str+4}
 26335 | Snake:4  | Noticed Aizul
 26348 | Snake:4  | Killed Aizul
 26359 | Snake:4  | Found Naishr Ruuxu's General Store.
 26957 | Shoals:1 | Entered Level 1 of the Shoals
 27222 | Shoals:1 | Noticed a kraken
 27492 | Shoals:1 | Found a runed translucent door.
 27494 | Shoals:1 | Noticed Agetab's ghost (adept DECj)
 27541 | Shoals:1 | Killed Agetab's ghost
 27689 | Shoals:1 | Killed a kraken
 28178 | Shoals:2 | Reached skill level 5 in Evocations
 28874 | Shoals:3 | Noticed Polyphemus
 28895 | Shoals:3 | Killed Polyphemus
 29144 | Shoals:3 | Gained mutation: You are mostly covered in razor-sharp
                  | scales. (AC +2, Slay +2) [demonic ancestry]
 29144 | Shoals:3 | Reached XP level 18. HP: 145/145 MP: 27/27
 29478 | Shoals:4 | Entered Level 4 of the Shoals
 29520 | Shoals:4 | Identified the ring of Kerghusso {rC+ rN+}
 29557 | Shoals:4 | Found a transporter.
 29557 | Shoals:4 | Found a transporter.
 29564 | Shoals:4 | Found a bloodstained altar of Trog.
 29566 | Shoals:4 | Noticed Torious's ghost (adept DECj)
 30449 | Shoals:4 | Hit by a javelin thrown by a merfolk javelineer

Illustrated notes

Levels and vault maps discovered:
D:1:      lightli_arrival_isolated_outpost, layout_basic, serial_shops,
          nicolae_shop_scrapyard
D:2:      layout_basic, minmay_pentomino_s2, uniq_sigmund,
          uniq_crazy_yiuf_cottage
D:3:      layout_loops_ring, ebering_ghost_inner_flame, uniq_terence, uniq_ijyb
D:4:      layout_loops_corners, mainiacjoe_overflow_alcove_1, temple_pool_b,
          serial_shops, shop
D:5:      layout_basic, gammafunk_ghost_stat_death
D:6:      layout_layer_cave, regret_index_temple_of_mockery, lemuel_tele_altar
D:7:      layout_basic, tso_oasis_becter, enter_ossuary_3, uniq_jeremiah
D:8:      layout_basic, hellmonk_ghost_happy_afterlife, st_stairs_1, uniq_joseph
D:9:      layout_long_grid, kennysheep_little_box, minitemple,
          david_lair_shrubbed, grunt_tough_drop
D:10:     layout_basic, orc_0_dummy
D:11:     layout_roguey, statue_in_the_mist_lemuel, uniq_lodul, uniq_psyche
D:12:     layout_loops_corners, gammafunk_ghost_split
D:13:     layout_basic, erik_vaults_1, enter_trove_3, bloody_makhleb,
          uniq_sonja, uniq_frances
D:14:     layout_cave_pools, serial_park, serial_park_gazebo
          [serial_park_minivault_5x5_6], serial_park_fountain,
          serial_park_tiny_1, hangedman_abyss_or_decor_stagger
D:15:     gammafunk_enter_depths_forms, layout_irregular_city,
          gammafunk_ghost_tricky_traps, minmay_misc_feat_iff, jiyva_altar_1
Temple:   nicolae_temple_superstar
Lair:1:   layout_small_grid
Lair:2:   layout_regular_city, minmay_shoals_entry_centaurs,
          gauntlet_entry_generic, gammafunk_ghost_abyssal_escape,
          beast_lair_carwin_5, serial_bayou_shore_a
Lair:3:   layout_small_grid, guppyfry_snake_entry_garden,
          kennysheep_snail_temple
Lair:4:   layout_concentric_octagons, lemuel_fruit_fields, grunt_megastairs_2,
          lemuel_fruit_tree
Lair:5:   hellmonk_lair_end_abyssal_woods, layout_cave_pods,
          dpeg_slime_entry_enclosed, minivault_11
Shoals:1: layout_shoals, gammafunk_ghost_grave
Shoals:2: layout_shoals, nicolae_splish_splash
Shoals:3: layout_shoals, uniq_polyphemus
Shoals:4: shoals_end_simple, layout_shoals, gammafunk_ghost_wrathful_warriors
Snake:1:  layout_onion, gammafunk_ghost_cemetery, grunt_ministairs_10,
          serial_library_hellmonk_hallway_b, nicolae_snake_guarding_the_ruins
Snake:2:  layout_grid_shapes, portal_ice_cave_entry_pillars_2,
          nicolae_stop_n_shop_1, uniq_agnes, uniq_mlioglotl, uniq_roxanne
Snake:3:  layout_rooms
Snake:4:  grunt_snake_rune_serpentine_throne, layout_cave_pods, serial_shops,
          nicolae_shop_real_fake_doors, nicolae_shop_hallway_plus,
          grunt_megastairs_4, uniq_aizul
Orc:1:    layout_diamond_mine, basic_altar, nicolae_orc_crystal_seam, uniq_erica
Orc:2:    st_orc_mages, layout_caves, serial_shops, nicolae_shop_tiny_glass,
          nicolae_orc_stalacmites, elves_outpost_lemuel, uniq_azrael,
          uniq_saint_roka

Skill      XL: |  1  2  3  4  5  6  7  8  9 10 11 12 13 14 15 16 17 18 |
---------------+-------------------------------------------------------+-----
Dodging        | 2 3 4 |  4.9
Shapeshifting  | 3 4 6 8 9 10 11 13 15 16 | 16.0
Unarmed Combat | 3 4 6 7 9 10 11 12 13 14 15 16 | 16.3
Fighting       | 2 3 4 5 6 7 8 9 10 11 12 13 14 | 14.3
Invocations    | 4 6 8 10 12 13 | 13.5
Shields        | 3 5 7 9 10 11 12 | 12.0
Evocations     | 2 6 7 |  7.1

Action                     |  1- 3 |  4- 6 |  7- 9 | 10-12 | 13-15 | 16-18 || total
---------------------------+-------+-------+-------+-------+-------+-------++-------
  Melee: Unarmed           |   110 |   141 |   452 |   928 |  1660 |   979 ||  4270
         Punch             |       |     5 |    25 |    40 |       |       ||    70
         Kick              |       |       |       |       |   207 |   412 ||   619
  Throw: Dart              |       |       |       |     2 |     1 |       ||     3
 Invoke: Greater Servant o |       |       |       |       |     1 |     3 ||     4
  Evoke: Wand              |       |     2 |     1 |     9 |     3 |     1 ||    16
    Use: Potion            |     1 |     3 |     2 |     4 |     1 |       ||    11
         Scroll            |       |       |    17 |    10 |     6 |     5 ||    38
   Stab: Distracted        |       |       |       |     3 |       |     6 ||     9
         Invisible         |       |       |       |     5 |     1 |       ||     6
         Sleeping          |       |       |       |       |     2 |     3 ||     5
         Petrified         |       |       |       |       |       |     6 ||     6
 Armour: Animal skin       |    25 |       |       |       |       |       ||    25
         Ring mail         |    38 |    54 |       |       |       |       ||    92
         Skin              |     9 |       |       |       |   451 |  1195 ||  1655
         Chain mail        |       |    39 |    10 |       |       |       ||    49
         Scale mail        |       |       |   266 |   395 |       |       ||   661
         Quicksilver drago |       |       |       |   228 |   804 |       ||  1032
  Dodge: Dodged            |    78 |    65 |   211 |   400 |   644 |   718 ||  2116
  Block: Kite shield       |       |       |       |   203 |  1397 |  1536 ||  3136
         Reflection        |       |       |       |     2 |    52 |   151 ||   205
         Tower shield      |       |       |       |       |       |     2 ||     2
         Form:             |       |       |       |     1 |       |       ||     1
         Flux              |       |       |       |     1 |       |       ||     1
         Statue            |       |       |       |       |     1 |       ||     1

Table legend: (Time is in decaauts)
 A = Elapsed time spent in this place.
 B = Non-inter-level travel time spent in this place.
 C = Inter-level travel time spent in this place.
 D = Time resting spent in this place.
 E = Time spent auto-exploring this place.
 F = Levels seen in this place.
 G = Mean time per level.
                   A        B        C        D        E       F      G
               +--------+--------+--------+--------+--------+-----+--------+
         Total |  35836 |  33794 |   2042 |    640 |  24134 |  34 | 1054.0 |
       Dungeon |  14913 |  14018 |    895 |    338 |  10789 |  15 |  994.2 |
        Temple |     33 |      2 |     31 |      0 |      0 |   1 |   33.0 |
          Lair |   6340 |   5908 |    432 |     17 |   3842 |   5 | 1268.0 |
        Shoals |   5106 |   4990 |    116 |     69 |   3750 |   4 | 1276.5 |
     Snake Pit |   5480 |   5149 |    331 |    147 |   3685 |   4 | 1370.0 |
  Orcish Mines |   2308 |   2073 |    235 |     39 |   1141 |   2 | 1154.0 |
       Ossuary |    297 |    297 |      0 |      4 |    114 |   1 |  297.0 |
      Ice Cave |    691 |    691 |      0 |      0 |    459 |   1 |  691.0 |
      Gauntlet |    664 |    664 |      0 |     26 |    351 |   1 |  664.0 |
               +--------+--------+--------+--------+--------+-----+--------+

Top non-repeatable levels by time:
  Lair:5: 1832 daAuts
 Snake:4: 1710 daAuts
    D:12: 1601 daAuts
  Lair:3: 1451 daAuts
Shoals:4: 1400 daAuts
 Snake:1: 1384 daAuts
Shoals:1: 1379 daAuts
Shoals:2: 1290 daAuts
 Snake:2: 1247 daAuts
   Orc:2: 1226 daAuts
     D:9: 1174 daAuts
    D:13: 1172 daAuts
  Lair:1: 1139 daAuts
 Snake:3: 1139 daAuts
    D:15: 1106 daAuts
